 Dungeon Crawl Stone Soup version 0.20-a0-471-g521e6c5 (webtiles) character file.

23363 Kriby the Protected (level 13, -1/104 HPs)
             Began as a Human Gladiator on Jan 14, 2017.
             Was a High Priest of Okawaru.
             Killed from afar by a frost giant (28 damage)
             ... with a bolt of cold
             ... in an ice cave.
             The game lasted 00:38:47 (15254 turns).

Kriby the Protected (Human Gladiator)              Turns: 15254, Time: 00:38:47

Health: -1/104     AC: 33    Str: 22    XL:     13   Next: 34%
Magic:  9/13       EV:  9    Int:  9    God:    Okawaru [*****.]
Gold:   813        SH: 14    Dex: 15    Spells: 12/12 levels left

rFire  . . .     SeeInvis .     F - +1 morningstar (protect)
rCold  . . .     Gourm    .     v - +1 crystal plate armour
rNeg   . . .     Faith    .     x - +0 shield
rPois  +         Spirit   .     (helmet restricted)
rElec  .         Reflect  .     (no cloak)
rCorr  .         Harm     .     e - +2 pair of gloves of Dysenun {Regen+ Int+2}
MR     .....                    q - +0 pair of boots
Stlth  ..........               (no amulet)
                                y - ring of poison resistance
                                n - +3 ring of strength

@: about to teleport, heroism, very slightly contaminated, hasted, very quick
A: horns 1, slimy green scales 1, blurry vision 1, dopey 1
a: Heroism, Finesse, Renounce Religion


You were in an ice cave.
You worshipped Okawaru.
Okawaru was extremely pleased with you.
You were hungry.

You visited 2 branches of the dungeon, and saw 13 of its levels.
You also visited: Sewer and Ice Cave.

You collected 813 gold pieces.

Inventory:

Hand Weapons
 C - a +2 glaive of venom
 E - a +0 glaive
 F - a +1 morningstar of protection (weapon)
 N - a +0 morningstar
Missiles
 d - 4 throwing nets {!D =f}
 g - 2 steel javelins (quivered)
 s - 7 tomahawks of returning
 J - 6 tomahawks
Armour
 b - a +0 leather armour
 e - the +2 pair of gloves of Dysenun (worn) {Regen+ Int+2}
   (You acquired it on level 9 of the Dungeon)

   It affects your intelligence (+2).
   It increases your rate of regeneration.
 o - a +0 pair of gloves
 q - a +0 pair of boots (worn)
 v - a +1 crystal plate armour (worn)
 x - a +0 shield (worn)
 I - a +1 helmet
Jewellery
 n - a +3 ring of strength (left hand)
 w - an uncursed ring of flight
 y - a ring of poison resistance (right hand)
 K - an uncursed amulet of faith
 M - an uncursed ring of resist corrosion
Wands
 a - a wand of digging (16/24)
 B - a wand of acid (0/15)
 D - a wand of clouds (0/9)
 Q - a wand of polymorph (13/24)
Scrolls
 c - a scroll of fear
 i - 6 scrolls of identify
 t - 4 scrolls of remove curse
 u - 5 scrolls of magic mapping
 H - 5 scrolls of teleportation
 L - a scroll of fog
 P - 2 scrolls of enchant weapon
Potions
 h - 2 potions of magic
 l - 2 potions of curing
 m - a potion of cancellation
 r - 3 potions of lignification
 A - 3 potions of brilliance
Comestibles
 f - 9 bread rations
 j - 6 beef jerkies
 k - 8 meat rations
 p - 20 chunks of flesh
 z - 10 fruits
 G - 2 slices of pizza


   Skills:
 + Level 10.4(15.4) Fighting
 + Level 10.5(15.5) Maces & Flails
 - Level 3.3(8.3) Throwing
 - Level 11.5(16.5) Armour
 - Level 3.0(8.0) Dodging
 - Level 10.9(15.9) Shields


You had 12 spell levels left.
You didn't know any spells.

Dungeon Overview and Level Annotations

Branches:
Dungeon (10/15)            Temple (0/1) D:4            Lair (3/6) D:9
  Snake (0/4) Lair:2          Orc (0/2) D:9
  Swamp: Lair:2-4    Shoals: Lair:2-4

Altars:
Ashenzari
Cheibriados
Elyvilon
Makhleb
Nemelex Xobeh
Okawaru
Qazlal
Yredelemnul

Annotations:
D:10 Gastronok
Lair:1 Sonja


Innate Abilities, Weirdness & Mutations

You have a pair of small horns on your head.
You are partially covered in slimy green scales. (AC +2)
Scrolls take you a little longer to read.
You are dopey. (Int -2)


Message History

The bolt of cold hits you!
You feel yourself speed up. You block the frost giant's attack.
You are very lightly contaminated with residual magic.
You fail to use your ability.
You fail to use your ability.
The frost giant hits you with a battleaxe of freezing!!
* * * LOW HITPOINT WARNING * * *
The frost giant freezes you.
* * * LOW HITPOINT WARNING * * *
Evoke which item? (* to show all) (? for menu, Esc to quit)
Okay, then.
Really read with blurry vision while enemies are nearby? [Y]es or [N]o only, please.
Really read with blurry vision while enemies are nearby?
You begin reading the scroll.
You continue reading the scroll.
As you read the scroll of teleportation, it crumbles to dust.
You feel strangely unstable.
The frost giant gestures at you while chanting.
The bolt of cold hits you!
You die...

##≈≈≈≈≈≈≈≈≈ #
≈≈≈≈#≈≈#
####≈≈≈##### ##
≈≈#≈≈≈##...###
..##
#≈≈≈≈#≈..##..##
#....
≈≈≈#≈≈.#####..#
#..... ≈#######
#..######## #h...#
##
#..#...##..C##.Yh#
#######.@.##h†h#
##########


You could see a frost giant.

Vanquished Creatures
  The ghost of newbie the Bludgeoner, a journeyman OgBe of Trog (Lair:1)
  The ghost of vible the Covert, a journeyman VSEn of Ru (Lair:3)
  2 two-headed ogres
  The ghost of Kriby the Cudgeler, a novice HuGl of Makhleb (D:7)
  A death yak (IceCv)
  An unseen horror (D:10)
  The ghost of WhatIsLove the Destroyer, a novice OpCj of Sif Muna (D:8)
  A black mamba (Lair:1)
  An elephant (D:9)
  A gargoyle (D:10)
  3 spiny frogs (Lair:2)
  3 komodo dragons
  A troll (D:7)
  14 polar bears
  4 hippogriffs
  Sigmund (D:4)
  2 basilisks
  A vampire (D:9)
  19 yaks
  2 wyverns
  7 porcupines
  5 water moccasins
  7 orc warriors
  5 phantoms
  2 sky beasts
  2 ice beasts
  3 black bears
  2 ogres
  An eye of draining (D:10)
  A centaur (D:10)
  19 wolves
  4 crocodiles
  A big kobold (D:7)
  13 bullfrogs
  7 scorpions
  16 killer bees
  A wight (D:7)
  3 crimson imps
  A quasit (D:4)
  3 bullfrog zombies
  3 hounds
  A jelly (D:7)
  A bullfrog skeleton (D:7)
  A centaur skeleton (D:6)
  2 orc priests
  9 orc wizards
  3 iguanas
  5 worker ants
  2 hound skeletons
  15 adders
  8 gnolls (D:3)
  6 river rats (Sewer)
  A shadow imp (D:7)
  2 oozes
  An adder skeleton (D:4)
  An adder zombie (D:7)
  5 worms
  5 leopard geckos
  25 orcs
  6 ball pythons
  7 giant cockroaches
  3 goblins
  6 hobgoblins
  5 quokkas
  A ball python skeleton (D:5)
  3 bats (D:1)
  16 frilled lizards
  A jackal skeleton (D:4)
  A jackal zombie (D:6)
  9 kobolds
  15 rats
  A plant (Lair:2)
334 creatures vanquished.

Vanquished Creatures (others)
  2 polar bears (IceCv)
  5 yaks (IceCv)
  An adder (D:8)
  2 fungi
10 creatures vanquished.

Grand Total: 344 creatures vanquished

Notes
Turn   | Place    | Note
-------+----------+-------------------------------------------
     0 | D:1      | Kriby the Human Gladiator began the quest for the Orb.
     0 | D:1      | Reached XP level 1. HP: 16/16 MP: 1/1
   110 | D:1      | Reached XP level 2. HP: 22/22 MP: 2/2
   670 | D:1      | Reached XP level 3. HP: 27/28 MP: 3/3
  1170 | D:2      | Found a burning altar of Makhleb.
  1176 | D:2      | Reached XP level 4. HP: 34/34 MP: 4/4
  1828 | D:3      | Reached XP level 5. HP: 16/41 MP: 5/5
  2545 | D:3      | Reached skill level 1 in Armour
  2868 | D:4      | Reached XP level 6. HP: 27/47 MP: 6/6
  3162 | D:4      | Reached skill level 2 in Armour
  3179 | D:4      | Found a glowing drain.
  3184 | Sewer    | Entered a sewer
  3954 | D:4      | Reached skill level 3 in Armour
  3954 | D:4      | Reached XP level 7. HP: 53/54 MP: 7/7
  4044 | D:4      | Found a staircase to the Ecumenical Temple.
  4186 | D:4      | Noticed Sigmund
  4225 | D:4      | Killed Sigmund
  4565 | D:5      | Entered Level 5 of the Dungeon
  4837 | D:5      | Found a snail-covered altar of Cheibriados.
  5361 | D:6      | Reached skill level 4 in Armour
  5429 | D:6      | Reached skill level 5 in Maces & Flails
  5429 | D:6      | Reached XP level 8. HP: 60/61 MP: 8/8
  5744 | D:6      | Reached skill level 5 in Armour
  5830 | D:6      | Gained mutation: You have a pair of small horns on your head. [potion of mutation]
  5830 | D:6      | Gained mutation: Scrolls take you a little longer to read. [potion of mutation]
  5830 | D:6      | Gained mutation: You are dopey. (Int -2) [potion of mutation]
  5831 | D:6      | Gained mutation: You are partially covered in slimy green scales. (AC +2) [potion of mutation]
  6157 | D:6      | Reached skill level 5 in Fighting
  6193 | D:6      | Reached XP level 9. HP: 63/68 MP: 9/9
  6467 | D:6      | Reached skill level 6 in Armour
  6571 | D:6      | Reached skill level 5 in Shields
  6787 | D:7      | Found an iron altar of Okawaru.
  6787 | D:7      | Noticed a two-headed ogre
  6795 | D:7      | Killed a two-headed ogre
  6795 | D:7      | Reached skill level 7 in Armour
  6804 | D:7      | Became a worshipper of Warmaster Okawaru
  6879 | D:7      | Noticed a troll
  6895 | D:7      | Killed a troll
  7165 | D:7      | Reached XP level 10. HP: 76/76 MP: 10/10
  7428 | D:7      | Noticed Kriby's ghost (novice HuGl)
  7511 | D:7      | Killed Kriby's ghost
  7511 | D:7      | Reached * piety under Okawaru
  7511 | D:7      | Reached skill level 8 in Armour
  8837 | D:8      | Found a stormy altar of Qazlal.
  8914 | D:8      | Noticed WhatIsLove's ghost (novice OpCj)
  9271 | D:8      | Killed WhatIsLove's ghost
  9271 | D:8      | Reached ** piety under Okawaru
  9421 | D:8      | Found a sparkling altar of Nemelex Xobeh.
  9525 | D:8      | Reached skill level 9 in Armour
  9525 | D:8      | Reached XP level 11. HP: 71/84 MP: 11/11
  9578 | D:8      | Found a basalt altar of Yredelemnul.
  9888 | D:9      | Identified a scroll of acquirement
  9888 | D:9      | Got a pair of translucent gloves
  9899 | D:9      | Identified the +2 pair of gloves of Dysenun {Regen+ Int+2} (You acquired it on level 9 of the Dungeon)
 10194 | D:9      | Reached *** piety under Okawaru
 10261 | D:9      | Found a staircase to the Orcish Mines.
 10513 | D:9      | Noticed an elephant
 10514 | D:9      | Found a staircase to the Lair.
 10533 | D:9      | Killed an elephant
 10663 | D:9      | Found a white marble altar of Elyvilon.
 10760 | D:10     | Entered Level 10 of the Dungeon
 10960 | D:10     | Found a shattered altar of Ashenzari.
 11015 | D:10     | Noticed a two-headed ogre
 11031 | D:10     | Killed a two-headed ogre
 11031 | D:10     | Reached **** piety under Okawaru
 11031 | D:10     | Reached skill level 10 in Armour
 11170 | D:10     | Killed an unseen horror
 11170 | D:10     | Received a gift from Okawaru
 11373 | D:10     | Noticed Gastronok
 11540 | Lair:1   | Entered Level 1 of the Lair of Beasts
 11604 | Lair:1   | Reached XP level 12. HP: 72/92 MP: 12/12
 11620 | Lair:1   | Reached skill level 10 in Shields
 11970 | Lair:1   | Reached ***** piety under Okawaru
 12237 | Lair:1   | Noticed Sonja
 12242 | Lair:1   | Noticed newbie's ghost (journeyman OgBe)
 12309 | Lair:1   | HP: 2/93 [Sonja/wand of lightning (?/15) (25)]
 12451 | Lair:1   | Killed newbie's ghost
 12451 | Lair:1   | Received a gift from Okawaru
 12846 | Lair:1   | Reached skill level 11 in Armour
 13034 | Lair:2   | HP: 4/94 [spiny frog (13)]
 13043 | Lair:2   | HP: 4/94 [porcupine (5)]
 13308 | Lair:2   | Found a staircase to the Snake Pit.
 14347 | Lair:3   | Noticed vible's ghost (journeyman VSEn)
 14409 | Lair:3   | Killed vible's ghost
 14538 | Lair:3   | Found a frozen archway.
 14550 | IceCv    | Entered an ice cave
 14603 | IceCv    | Reached XP level 13. HP: 25/101 MP: 13/13
 15014 | IceCv    | Received a gift from Okawaru
 15057 | IceCv    | Reached skill level 10 in Maces & Flails
 15079 | IceCv    | Reached skill level 10 in Fighting
 15184 | IceCv    | Noticed a frost giant
 15254 | IceCv    | Killed from afar by a frost giant

Vault maps used:
D:1:      minmay_arrival_doors
D:2:      bloody_makhleb
D:4:      portal_sewer_entry_e, first_bread, uniq_sigmund
D:5:      kennysheep_spiral_hall, nicolae_overflow_crystal_walls
D:6:      minmay_cornered_nines, minivault_24
D:7:      minmay_opposing_rooms, okawaru_gym_becter, grunt_ogre_cave
D:8:      nicolae_qazlal_eye_of_the_storm, yredelemnul_altar_generic,
          nemelex_altar_shiori
D:9:      elyvilon_altar_5, david_lair_generic, david_orc_4
D:10:     basic_altar, uniq_gastronok
Lair:1:   columned_hall_lemuel, uniq_sonja
Lair:2:   beast_lair_carwin_large_2, minmay_snake_entry_six_corridors,
          grunt_megastairs_2, lemuel_fruit_tree, serial_bayou_shore_b
Lair:3:   shoals_dummy_entry, portal_ice_cave_entry_pillars_2,
          beast_lair_carwin_7
Sewer:    sewer_co_cracked_pipes
IceCv:    ice_cave_caverns_03

Skill      XL: |  1  2  3  4  5  6  7  8  9 10 11 12 13 |
---------------+----------------------------------------+-----
Throwing       | 3 |  3.3
Fighting       | 3 4 5 6 7 8 9 10 | 10.4
Maces & Flails | 4 5 6 7 8 9 10 | 10.5
Armour         | 1 3 4 5 7 9 10 11 | 11.5
Shields        | 2 4 6 8 9 10 | 10.9
Dodging        | |  3.0

Action                   |  1- 3 |  4- 6 |  7- 9 | 10-12 | 13-15 || total
-------------------------+-------+-------+-------+-------+-------++-------
Melee: Flail             |    95 |   308 |   380 |  1049 |       ||  1832
       Headbutt          |       |       |    48 |   288 |    51 ||   387
       Morningstar       |       |       |       |   199 |   180 ||   379
Throw: Throwing net      |       |     1 |       |       |       ||     1
       Tomahawk          |       |       |     1 |    14 |       ||    15
       Javelin           |       |       |       |    20 |       ||    20
Invok: Heroism           |       |       |       |     8 |     3 ||    11
       Finesse           |       |       |       |     1 |     1 ||     2
Evoke: Wand              |       |       |     1 |    11 |       ||    12
  Use: Scroll            |       |     7 |     7 |    12 |     1 ||    27
       Potion            |       |       |     9 |    13 |     1 ||    23
 Stab: Sleeping          |     1 |     1 |       |       |       ||     2
       Invisible         |       |       |       |    15 |       ||    15
       Confused          |       |       |       |     1 |       ||     1
  Eat: Chunk             |     1 |     8 |     9 |    16 |     3 ||    37
       Royal jelly       |       |     1 |       |       |       ||     1
       Fruit             |       |       |       |     2 |       ||     2
       Bread ration      |       |       |       |     2 |       ||     2
Armor: Leather armour    |    30 |    15 |       |       |       ||    45
       Crystal plate arm |       |   336 |   256 |   915 |   189 ||  1696
Dodge: Dodged            |    64 |    69 |    22 |   194 |    52 ||   401
Block: Shield            |       |       |   165 |   785 |   147 ||  1097
